 Dungeon Crawl Stone Soup version 0.31-a0-441-g867994ef1c (webtiles) character file.

Game seed: 1451445530679189887

7077 avis the Severer (level 11, -3/92 HPs)
             Began as a Hill Orc Monk on Aug 2, 2023.
             Was a Priest of Beogh.
             Slain by an orc warlord
             ... wielding a +8 broad axe
              (15 damage)
             ... in a bailey.
             The game lasted 01:06:19 (10991 turns).

avis the Severer (Hill Orc Monk)                   Turns: 10991, Time: 01:06:20

Health: -3/92      AC: 15    Str: 19    XL:     11   Next: 9%
Magic:  10/11      EV: 28    Int: 10    God:    Beogh [***...]
Gold:   556        SH:  0    Dex: 13    Spells: 10/10 levels left

rFire   . . .        a - +2 hand axe (flame)
rCold   + . .        X - +2 buckler {rC+}
rNeg    . . .        v - +0 chain mail
rPois   .            I - +0 helmet
rElec   .            u - +0 cloak
rCorr   .            G - +0 pair of gloves
SInv    .            (no boots)
Will    .....        f - amulet of the acrobat Stlth
                     K - +5 ring of evasion
HPRegen 0.35/turn    y - +4 ring of protection
MPRegen 0.12/turn

%: acrobat
@: confused, ambrosia-drunk, acrobatic
A: no striking features
a: Renounce Religion, Smiting


You were in a bailey.
You worshipped Beogh.
Beogh was most pleased with you.
You visited 2 branches of the dungeon, and saw 11 of its levels.
You also visited: Bailey.

You collected 556 gold pieces.

Inventory:

Hand Weapons
 a - a +2 hand axe of flaming (weapon)
 b - a +3 flail of holy wrath
 t - a +0 quarterstaff of freezing
 M - a +1 heavy shortbow
Missiles
 r - 15 poisoned darts (quivered)
 F - 16 boomerangs
 N - 2 throwing nets
 S - 5 javelins
 V - a curare-tipped dart
Armour
 u - a +0 cloak (worn)
 v - a +0 chain mail (worn)
 G - a +0 pair of gloves (worn)
 I - a +0 helmet (worn)
 J - a +0 plate armour
 L - a +2 robe of cold resistance
 X - a +2 buckler of cold resistance (worn)
Jewellery
 d - a ring of ice
 f - an amulet of the acrobat (around neck)
 m - a ring of positive energy
 y - a +4 ring of protection (right hand)
 K - a +5 ring of evasion (left hand)
 U - a ring of ice
Talismans
 o - a dragon-blood talisman
Wands
 C - a wand of quicksilver (2)
 H - a wand of paralysis (6)
 P - a wand of polymorph (13)
Scrolls
 g - 2 scrolls of silence {unknown}
 h - 3 scrolls of blinking {unknown}
 i - a scroll of acquirement
 k - a scroll of noise {unknown}
 p - a scroll of immolation {unknown}
 w - 2 scrolls of poison {unknown}
 x - 2 scrolls of revelation {unknown}
 z - 2 scrolls of amnesia {unknown}
 A - 3 scrolls of fog {unknown}
 E - 2 scrolls of fear
 Z - 3 scrolls of teleportation {unknown}
Potions
 e - 4 potions of might
 j - 3 potions of enlightenment
 l - 3 potions of curing
 n - 2 potions of mutation {unknown}
 q - 5 potions of brilliance {unknown}
 s - 2 potions of heal wounds {unknown}
 D - 2 potions of resistance {unknown}


   Skills:
 - Level 7.0 Fighting
 - Level 16.0 Axes
 - Level 2.4 Dodging
 + Level 10.3 Necromancy


You had 10 spell levels left.
You didn't know any spells.
Your spell library contained the following spells:

 Spells                   Type           Power      Damage    Failure   Level
 Vhi's Electric Charge    Tloc/Air       0%         N/A       100%        3
 Arcjolt                  Conj/Air       0%         1d10      100%        5
 Maxwell's Capacitive Co  Air            0%         ∞         100%        8


Dungeon Overview and Level Annotations

Branches:
Dungeon (10/15)            Temple (1/1) D:4             Orc (0/2) D:9
 Bailey (1/1)
   Lair: D:8-11

Altars:
Ashenzari
Cheibriados
Dithmenos
Fedhas
Gozag
Hepliaklqana
Kikubaaqudgha
Nemelex Xobeh
Okawaru
Qazlal
Ru
Sif Muna
Vehumet
Wu Jian
Xom
Yredelemnul
Zin
The Shining One
Beogh

Shops:
D:1 :

Annotations:
D:2 1 runed translucent door, Crazy Yiuf
D:7 exclusion: ice statue
D:9 1 runed translucent door, bahustanut's ghost, journeyman DsGl


Message History

The orc warlord hits you with a +8 broad axe!
You hit the orc warlord but do no damage.
The orc warlord is severely wounded.
You block the orc warlord's attack.
You closely miss the orc warlord.
The orc warlord is severely wounded.
You hit the orc warlord but do no damage.
The orc warlord is severely wounded.
The orc warlord hits you with a +8 broad axe!!
Aiming: Smiting
Press: ? - help, Dir - move target, f/p - orc warlord Smite: an orc warlord, wielding a +8 broad axe and wearing a +0 chain mail (heavily wounded)
You smite the orc warlord!
The orc warlord is severely wounded.
The orc warlord misses you.
Aiming: Smiting
Press: ? - help, Dir - move target, f/p - orc warlord Smite: an orc warlord, wielding a +8 broad axe and wearing a +0 chain mail (severely wounded)
You smite the orc warlord!
The orc warlord is severely wounded.
You can no longer recall your orcish followers.
The orc warlord barely misses you.
Aiming: Smiting
Press: ? - help, Dir - move target, f/p - orc warlord Smite: an orc warlord, wielding a +8 broad axe and wearing a +0 chain mail (severely wounded)
You smite the orc warlord!
The orc warlord is almost dead.
The orc warlord hits you with a +8 broad axe!!
* * * LOW HITPOINT WARNING * * *
Aiming: Quicksilver Bolt
Press: ? - help, Shift-Dir - straight line, f/p - orc warlord
Aim: an orc warlord, wielding a +8 broad axe and wearing a +0 chain mail (almost dead, 79% to hit)
The bolt of dispelling energy misses the orc warlord.
The orc warlord hits you with a +8 broad axe.
* * * LOW HITPOINT WARNING * * *
You are confused.
You feel invigorated. The orc warlord barely misses you.
The orc warlord hits you with a +8 broad axe!
You die...
Beogh appreciates the orc warlord's killing of a heretic priest.

##.......##~~~~~##...8...##≈≈≈
##..8..8.).#~~~~~#.........##≈≈
#..........#)~~~~#..........#≈≈
#..........'.....'....8..8..#≈≈
#...8).....#########........#≈≈
##......####~~~#~~~##......##≈≈
##.....#~~#~.....}~#.....##...
##....#~....o.).!~#....##....
#..)##~8.8.@.8)8##....#.....
#.†.'~~.........#.....'.....
#...'~~....∩....#.....'...∩.
#...'~~.........#.....'.....
#...##~8.8...8.8##....#.....
##....#~........?~#....##....
##.....#~~#~.....|~#.....##...
##......####~~~#~~~##†)....##≈≈
#...8......#########........#≈≈


You could see an orc warlord.

Vanquished Creatures
  Pikel (D:8)
  A komodo dragon (D:10)
  Grinder (D:6)
  A wraith (D:9)
  2 wyverns
  4 yaks (D:9)
  An orc warrior (D:8)
  A black bear (D:6)
  2 ice beasts
  2 ogres
  7 phantoms
  6 centaurs
  A lemure (D:8)
  2 kobold brigands (D:8)
  4 bullfrogs
  2 wyvern zombies (D:8)
  4 necrophages (D:5)
  4 wights (D:6)
  6 killer bees
  2 bullfrog zombies (D:5)
  A jelly (D:5)
  3 centaur zombies (D:8)
  2 hounds
  An orc priest (D:8)
  2 sleepcaps (D:5)
  An iguana (D:5)
  An orc wizard (D:9)
  A killer bee zombie (D:5)
  A hound zombie (D:3)
  A hound skeleton (D:3)
  A howler monkey zombie (D:8)
  10 adders
  6 gnolls
  A shadow imp (D:7)
  2 white imps
  An ufetubus (D:6)
  2 adder skeletons (D:3)
  3 worms
  2 dart slugs
  14 orcs
  10 bats
  3 bat zombies (D:4)
  3 endoplasms
  6 giant cockroaches
  5 goblins
  7 hobgoblins
  12 jackals
  3 quokkas
  5 ball pythons
  A ball python zombie (D:3)
  5 frilled lizards
  17 kobolds
  A quokka skeleton (D:3)
  3 rats
  2 rat zombies (D:4)
193 creatures vanquished.

Vanquished Creatures (collateral kills)
  Fannar (D:10)
  A boulder beetle (D:9)
  5 yaks
  3 orc warriors
  A bullfrog (D:8)
  A gnoll sergeant (D:9)
  A wyvern zombie (D:8)
  A killer bee (D:10)
  A centaur zombie (D:8)
  A hound (D:5)
  2 gnoll boudas (D:6)
  An orc priest (D:9)
  An iguana (D:6)
  2 orc wizards
  A howler monkey zombie (D:8)
  7 gnolls
  An adder (D:6)
  4 orcs
  2 hobgoblins (Bailey)
  4 kobolds (Bailey)
41 creatures vanquished.

Vanquished Creatures (others)
  An orc warrior (Bailey)
  An orc priest (D:10)
  An orc wizard (D:7)
  11 orcs
14 creatures vanquished.

Grand Total: 248 creatures vanquished

Notes
Turn   | Place    | Note
-------+----------+-------------------------------------------
     0 | D:1      | avis the Hill Orc Monk began the quest for the Orb.
     0 | D:1      | Reached XP level 1. HP: 19/19 MP: 1/1
   115 | D:1      | Reached XP level 2. HP: 27/27 MP: 2/2
   235 | D:1      | Found Tity's Book Boutique.
   246 | D:1      | Reached skill level 5 in Axes
   359 | D:1      | Reached XP level 3. HP: 33/33 MP: 3/3
   783 | D:2      | Found a radiant altar of Vehumet.
  1074 | D:2      | Reached skill level 6 in Axes
  1275 | D:2      | Reached XP level 4. HP: 40/40 MP: 4/4
  1431 | D:2      | Found a runed translucent door.
  1432 | D:2      | Noticed Crazy Yiuf
  1878 | D:2      | Became a worshipper of Beogh the Brigand
  1878 | D:2      | Reached * piety under Beogh
  1878 | D:2      | Reached ** piety under Beogh
  1905 | D:3      | Reached skill level 5 in Fighting
  1950 | D:3      | Noticed a centaur
  1964 | D:3      | Killed a centaur
  1965 | D:3      | Reached skill level 7 in Axes
  1965 | D:3      | Reached XP level 5. HP: 40/48 MP: 5/5
  2442 | D:4      | Reached XP level 6. HP: 56/56 MP: 6/6
  2460 | D:4      | Reached skill level 8 in Axes
  2641 | D:4      | Found a staircase to the Ecumenical Temple.
  2755 | D:4      | Found a shadowy altar of Dithmenos.
  2825 | D:4      | Reached *** piety under Beogh
  2833 | D:4      | Found an ancient bone altar of Kikubaaqudgha.
  2983 | D:4      | Identified the +0 long sword of Action {flame, rN+ Int+4}
  3379 | Temple   | Entered the Ecumenical Temple
  3440 | D:5      | Entered Level 5 of the Dungeon
  3550 | D:5      | Noticed an ice beast
  3580 | D:5      | Killed an ice beast
  3581 | D:5      | Reached skill level 9 in Axes
  3581 | D:5      | Reached XP level 7. HP: 16/61 MP: 7/7
  4129 | D:5      | Found a blossoming altar of Fedhas.
  4179 | D:5      | Reached skill level 10 in Axes
  4196 | D:5      | Reached skill level 11 in Axes
  4196 | D:5      | Reached XP level 8. HP: 50/70 MP: 8/8
  4789 | D:5      | Reached skill level 12 in Axes
  5327 | D:5      | Upgraded the game from 0.31-a0-435-g2c6fae2916 to
                  | 0.31-a0-441-g867994ef1c
  5596 | D:6      | Reached skill level 1 in Necromancy
  5596 | D:6      | Found a broken altar of Ashenzari.
  5761 | D:6      | Reached **** piety under Beogh
  5762 | D:6      | Reached XP level 9. HP: 54/79 MP: 9/9
  5866 | D:6      | Reached skill level 13 in Axes
  5907 | D:6      | Found a hazy altar of Hepliaklqana.
  6308 | D:6      | Reached skill level 14 in Axes
  6308 | D:6      | Gained Bogdar as an ally
  6383 | D:6      | Noticed Grinder
  6389 | D:6      | Killed Grinder
  6681 | D:7      | Reached skill level 5 in Necromancy
  6963 | D:7      | Noticed an ice statue
  7004 | D:7      | Found an ornate altar of the Wu Jian Council.
  7565 | D:8      | Noticed Pikel
  7580 | D:8      | Killed Pikel
  7801 | D:8      | Reached XP level 10. HP: 76/86 MP: 10/10
  7843 | D:8      | Identified the +7 long sword "Ikhletza" {flame, Fragile
                  | rElec Str+4 Stlth+}
  8046 | D:8      | Reached skill level 15 in Axes
  8211 | D:8      | Found a basalt altar of Yredelemnul.
  8555 | D:9      | Found a runed translucent door.
  8577 | D:9      | Noticed bahustanut's ghost (journeyman DsGl)
  9180 | D:9      | Found a stormy altar of Qazlal.
  9324 | D:9      | Found a sparkling altar of Nemelex Xobeh.
  9362 | D:9      | Found a staircase to the Orcish Mines.
  9438 | D:9      | Found a roughly hewn altar of Beogh.
  9607 | D:9      | Noticed a boulder beetle
  9635 | D:9      | Killed a boulder beetle
  9636 | D:9      | Reached skill level 16 in Axes
 10188 | D:10     | Entered Level 10 of the Dungeon
 10592 | D:10     | Noticed Fannar
 10615 | D:10     | Killed Fannar
 10616 | D:10     | Reached skill level 10 in Necromancy
 10616 | D:10     | Reached XP level 11. HP: 83/92 MP: 1/11
 10620 | D:10     | Found a glowing golden altar of the Shining One.
 10723 | D:10     | Found a flagged portal.
 10735 | Bailey   | Entered a bailey
 10754 | Bailey   | Noticed an orc warlord
 10802 | Bailey   | Found a runed translucent gate.
 10817 | Bailey   | Found a runed translucent gate.
 10819 | Bailey   | Found a runed translucent gate.
 10989 | Bailey   | HP: 4/92 [orc warlord/+8 broad axe (4)]
 10991 | Bailey   | Slain by an orc warlord

Illustrated notes

Levels and vault maps discovered:
D:1:      minmay_arrival_loop, layout_basic, serial_shops, shop
D:2:      layout_basic, basic_altar, uniq_crazy_yiuf_cottage
D:3:      layout_rooms, serial_undead, serial_undead_e, serial_undead_e,
          serial_undead_d, serial_undead_c
D:4:      layout_loops_ring, lemuel_zombie_altar_kikubaaqudgha,
          nicolae_dithmenos_the_darkroom, temple_fountains,
          dreamdust_princess_bridge, st_stairs_10, chequers_hall_statues_y
D:5:      layout_layer_cave, fedhas_altar_decomposition, minmay_quadrilaterals
D:6:      minmay_general_purpose_star, layout_basic, old_standard_altar,
          mainiacjoe_overflow_chevrons, serial_corexii_hall,
          chequers_hall_statues_y, corexii_hall_statues_x,
          chequers_serial_rivers_micro_c, uniq_grinder
D:7:      lemuel_ice_statue, layout_cave_pools,
          nicolae_wu_jian_immortal_techniques, nicolae_water_bricks
D:8:      layout_loops_ring, nicolae_yredelemnul_corpse_copse, uniq_pikel
D:9:      layout_long_grid, grunt_qazlal_clouds, nemelex_diamond_rough_becter,
          minmay_orc_entry_temple_small, hellmonk_ghost_happy_afterlife
D:10:     layout_stronghold, bloody_makhleb, grunt_temple_overflow_diamond,
          marbit_many_paths, enter_bailey_6, uniq_fannar, uniq_urug
Temple:   nicolae_temple_godpark
Bailey:   bailey_axe_bossmonster_kennysheep, bailey

Skill      XL: |  1  2  3  4  5  6  7  8  9 10 |
---------------+-------------------------------+-----
Fighting       | 4 5 6 7 |  7.0
Axes           | 5 6 7 9 11 12 14 16 | 16.0
Necromancy     | 2 6 10 | 10.3
Dodging        | |  2.4

Action                     |  1- 3 |  4- 6 |  7- 9 | 10-12 || total
---------------------------+-------+-------+-------+-------++-------
  Melee: Hand axe          |   100 |   162 |   196 |   251 ||   709
         Flail             |       |    12 |    36 |       ||    48
  Throw: Dart              |     3 |       |     2 |       ||     5
 Invoke: Convert to Beogh  |       |     1 |       |       ||     1
         Smiting           |       |       |     3 |     6 ||     9
         Recall Orcish Fol |       |       |       |     3 ||     3
         Stop Recall       |       |       |       |     1 ||     1
  Evoke: Wand              |       |       |       |     7 ||     7
    Use: Scroll            |       |     1 |       |     3 ||     4
         Potion            |       |       |       |     1 ||     1
   Stab: Distracted        |       |       |       |     3 ||     3
 Armour: Robe              |    20 |     7 |       |       ||    27
         Chain mail        |       |    92 |    85 |    82 ||   259
  Dodge: Dodged            |    64 |    95 |    97 |   100 ||   356
  Block: Buckler           |       |       |       |    21 ||    21

Table legend: (Time is in decaauts)
 A = Elapsed time spent in this place.
 B = Non-inter-level travel time spent in this place.
 C = Inter-level travel time spent in this place.
 D = Time resting spent in this place.
 E = Time spent auto-exploring this place.
 F = Levels seen in this place.
 G = Mean time per level.
                   A        B        C        D        E       F      G
               +--------+--------+--------+--------+--------+-----+--------+
         Total |  10866 |   9302 |   1564 |   1407 |   5053 |  12 |  905.5 |
       Dungeon |  10467 |   8905 |   1562 |   1407 |   5053 |  10 | 1046.7 |
        Temple |    153 |    152 |      1 |      0 |      0 |   1 |  153.0 |
        Bailey |    245 |    245 |      0 |      0 |      0 |   1 |  245.0 |
               +--------+--------+--------+--------+--------+-----+--------+

Top non-repeatable levels by time:
     D:5: 2080 daAuts
     D:8: 1302 daAuts
     D:4: 1293 daAuts
     D:6: 1283 daAuts
     D:9: 1186 daAuts
     D:2: 1124 daAuts
     D:3: 708 daAuts
     D:1: 696 daAuts
     D:7: 608 daAuts
  Bailey: 245 daAuts
    D:10: 182 daAuts
  Temple: 153 daAuts
